2598 views
Uploaded 2020-12-12 17:45:40
Game version 1.32.9
23:15 long 1on1 ladder game on (2)BrightwaterOasis
Saved by xzz
2598 views
Uploaded 2020-12-12 17:45:40
Game version 1.32.9
23:15 long 1on1 ladder game on (2)BrightwaterOasis

30 units @ 3.6k
/ 0.1k
15 buildings @ 2.7k
/ 0.7k

| Potion of Mana | 1 | 200 |
| Potion of Healing | 1 | 150 |
| Scroll of Healing | 2 | 500 |
| Boots of Speed | 1 | 250 |
| Potion of Lesser Invulnerability | 1 | 150 |
| total: | 6 | 1250g |
| Acolyte | 2 | 150 | / | 0 |
| Ghoul | 26 | 3120 | / | 0 |
| Gargoyle | 2 | 350 | / | 60 |
| total: | 30 | 3620g | / | 60w |
| Nerubian Tower | 3 | 300 | / | 60 |
| Spirit Tower | 1 | 145 | / | 40 |
| Crypt | 7 | 1400 | / | 350 |
| Altar of Darkness | 1 | 180 | / | 50 |
| Ziggurat | 5 | 750 | / | 250 |
| Tomb of Relics | 1 | 130 | / | 30 |
| Graveyard | 1 | 215 | / | 0 |
| Halls of the Dead | 1 | 320 | / | 210 |
| Black Citadel | 1 | 325 | / | 230 |
| total: | 15 | 2675g | / | 680w |
| 0:03 | Acolyte |
| 0:03 | Acolyte |
| 0:07 | Crypt |
| 0:13 | Altar of Darkness |
| 0:34 | Ziggurat |
| 0:55 | Crypt |
| 1:11 | Ghoul |
| 1:26 | Ziggurat |
| 1:33 | Ghoul |
| 1:47 | Ghoul |
| 1:59 | Ghoul |
| 2:17 | Ghoul |
| 2:22 | Ghoul |
| 2:37 | Ziggurat |
| 2:49 | Ghoul |
| 2:56 | Unholy Aura |
| 3:01 | Ghoul |
| 3:16 | Ghoul |
| 3:29 | Ghoul |
| 3:38 | Ghoul |
| 3:50 | Ghoul |
| 3:53 | Ghoul |
| 4:31 | Ghoul |
| 5:17 | Halls of the Dead |
| 5:18 | Ghoul |
| 5:22 | Cannibalize |
| 5:26 | Tomb of Relics |
| 5:41 | Nerubian Tower |
| 5:46 | Ghoul |
| 5:47 | Death Pact |
| 6:35 | Ghoul |
| 6:47 | Ghoul |
| 7:25 | Ghoul |
| 7:25 | Ghoul |
| 7:38 | Death Coil |
| 7:43 | Ghoul |
| 8:18 | Ghoul |
| 8:33 | Ziggurat |
| 9:34 | Graveyard |
| 9:55 | Potion of Mana |
| 10:16 | Black Citadel |
| 10:24 | Crypt |
| 10:27 | Ziggurat |
| 10:32 | Nerubian Tower |
| 10:45 | Ghoul |
| 10:49 | Ghoul |
| 11:22 | Unholy Armor |
| 11:36 | Spirit Tower |
| 11:42 | Crypt |
| 11:47 | Crypt |
| 11:51 | Nerubian Tower |
| 12:37 | Ghoul Frenzy |
| 12:39 | Unholy Strength |
| 12:49 | Ghoul |
| 13:10 | Scroll of Healing |
| 13:34 | Improved Unholy Armor |
| 13:45 | Potion of Healing |
| 14:16 | Improved Unholy Strength |
| 14:19 | Ghoul |
| 15:02 | Advanced Unholy Armor |
| 16:37 | Unholy Aura |
| 16:45 | Advanced Unholy Strength |
| 17:23 | Gargoyle |
| 17:27 | Crypt |
| 17:30 | Crypt |
| 18:27 | Unholy Aura |
| 19:09 | Gargoyle |
| 19:13 | Creature Attack |
| 19:13 | Creature Carapace |
| 20:26 | Boots of Speed |
| 20:30 | Potion of Lesser Invulnerability |
| 20:36 | Scroll of Healing |
| 20:56 | Improved Creature Attack |
| 22:00 | Improved Creature Carapace |
| Right click | 534 |
| Select | 331 |
| Select group | 205 |
| Build/train/purchase | 74 |
| Assign group | 33 |
| Misc. action | 32 |
| Use ability | 15 |
| Chat | 14 |
| Esc | 6 |
| Item give/drop | 5 |
| Remove unit | 1 |
14 units @ 1.3k
/ 0.1k
10 buildings @ 1.5k
/ 0.5k

| Healing Salve | 2 | 200 |
| Potion of Healing | 2 | 300 |
| total: | 4 | 500g |
| Peon | 10 | 750 | / | 0 |
| Troll Headhunter | 4 | 560 | / | 80 |
| total: | 14 | 1310g | / | 80w |
| Watch Tower | 4 | 440 | / | 320 |
| Altar of Storms | 1 | 180 | / | 50 |
| Orc Burrow | 2 | 320 | / | 80 |
| War Mill | 1 | 205 | / | 0 |
| Barracks | 1 | 180 | / | 50 |
| Voodoo Lounge | 1 | 130 | / | 30 |
| Stronghold | 1 | 315 | / | 190 |
| total: | 10 | 1455g | / | 530w |
| 0:02 | Peon |
| 0:02 | Peon |
| 0:06 | Altar of Storms |
| 0:10 | Peon |
| 0:16 | Orc Burrow |
| 0:26 | Peon |
| 1:02 | Peon |
| 1:10 | War Mill |
| 1:12 | Barracks |
| 1:27 | Orc Burrow |
| 1:38 | Peon |
| 1:51 | Voodoo Lounge |
| 2:02 | Peon |
| 2:07 | Wind Walk |
| 2:19 | Peon |
| 2:22 | Troll Headhunter |
| 2:33 | Troll Headhunter |
| 2:59 | Healing Salve |
| 3:04 | Troll Headhunter |
| 3:28 | Stronghold |
| 3:46 | Troll Headhunter |
| 4:03 | Watch Tower |
| 4:04 | Watch Tower |
| 4:06 | Watch Tower |
| 5:04 | Critical Strike |
| 5:35 | Healing Salve |
| 5:40 | Watch Tower |
| 5:49 | Peon |
| 6:39 | Wind Walk |
| 7:21 | Peon |
| 7:54 | Potion of Healing |
| 7:58 | Potion of Healing |
| Right click | 264 |
| Select group | 197 |
| Select | 118 |
| Build/train/purchase | 36 |
| Chat | 19 |
| Use ability | 10 |
| Assign group | 8 |
| Misc. action | 1 |
| Item give/drop | 1 |
| Remove unit | 1 |
โ